 Dungeon Crawl Stone Soup version 0.20-a0-923-g548304e (webtiles) character file.

125341 JeffiDaFish the Peltast (level 16, -15/107 HPs)
             Began as a Gargoyle Fighter on Mar 26, 2017.
             Was the Champion of Okawaru.
             Demolished by an eight-headed hydra (18 damage)
             ... called by a spriggan druid
             ... on level 4 of the Swamp on Mar 27, 2017.
             The game lasted 01:03:16 (24927 turns).

JeffiDaFish the Peltast (Gargoyle Fighter)         Turns: 24927, Time: 01:03:17

Health: -15/107    AC: 50    Str: 27    XL:     16   Next: 95%
Magic:  21/21      EV:  8    Int:  8    God:    Okawaru [******]
Gold:   1250       SH: 31    Dex: 27    Spells: 15/15 levels left

rFire    . . .     SeeInvis +   D - +6 morningstar (vamp)
rCold    . . .     Gourm    .   B - +5 large shield of Divine Intervention {rN+ Str+2 Int-2 SInv}
rNeg     + + .     Faith    .   r - +0 plate armour
rPois    ∞         Spirit   .   n - +2 helmet
rElec    +         Reflect  +   x - +2 cloak {+Inv}
rCorr    .         Harm     .   h - +2 pair of gloves {Str+3}
MR       +++..                  d - +2 pair of boots {run}
Stlth    ..........             u - +3 amulet of reflection
Regen    0.3/turn               s - +4 ring of dexterity
MPRegen  0.2/turn               E - ring of the Unstoppable Realms {*Drain rElec MR++ AC+5 Dex+10}

@: flying, quick
A: big wings, slimy green scales 1, blink, negative energy resistance 1,
electricity resistance, unbreathing, petrification resistance, rot immunity, AC
+11
a: Stop Flying, Blink, Heroism, Finesse, Renounce Religion, Evoke Invisibility


You were on level 4 of the Swamp.
You worshipped Okawaru.
Okawaru was exalted by your worship.
You were not hungry.

You visited 5 branches of the dungeon, and saw 28 of its levels.
You visited 1 bazaar.
You also visited: Ice Cave.

You collected 2447 gold pieces.
You spent 1197 gold pieces at shops.

Inventory:

Hand Weapons
 y - the +10 flail of the Pillar {freeze, *Rage rPois Int+7}
   (You acquired it on level 14 of the Dungeon)

   It has been specially enchanted to freeze those struck by it, causing extra
   injury to most foes and up to half again as much damage against particularly
   susceptible opponents.
   It can also slow down cold-blooded creatures.
   It affects your intelligence (+7).
   It protects you from poison.
   It may make you go berserk in combat.
 D - a +6 vampiric morningstar (weapon)
Armour
 d - a +2 pair of boots of running (worn)
 h - a +2 pair of gloves of strength (worn)
 n - a +2 helmet (worn)
 r - a +0 plate armour (worn)
 x - a +2 cloak of invisibility (worn)
 B - the +5 large shield of Divine Intervention (worn) {rN+ Str+2 Int-2 SInv}
   (You bought it in a shop on level 6 of the Dungeon)

   It affects your strength (+2).
   It affects your intelligence (-2).
   It protects you from negative energy.
   It lets you see invisible.
Jewellery
 s - a +4 ring of dexterity (left hand)
 u - a +3 amulet of reflection (around neck)
 E - the ring of the Unstoppable Realms (right hand) {*Drain rElec MR++ AC+5 Dex+10}
   (You found it in an ice cave)

   [ring of protection]

   It affects your AC (+5).
   It affects your dexterity (+10).
   It insulates you from electricity.
   It affects your resistance to hostile enchantments.
   It causes draining when unequipped.
Scrolls
 c - 4 scrolls of identify
 i - 7 scrolls of amnesia
 o - 12 scrolls of remove curse
 p - 5 scrolls of recharging
 A - 3 scrolls of fog
 G - 3 scrolls of teleportation
Potions
 a - 16 potions of curing
 e - 2 potions of brilliance
 g - a potion of cancellation
 q - a potion of invisibility
 t - a potion of haste
 w - 3 potions of ambrosia
 z - 4 potions of heal wounds
 C - 3 potions of magic
Books
 m - a book of Power

   Spells                             Type                      Level
   a - Iskenderun's Battlesphere      Conjuration/Charms           5
   b - Venom Bolt                     Conjuration/Poison           5
   c - Bolt of Magma                  Conjuration/Fire/Earth       5
   d - Iron Shot                      Conjuration/Earth            6
   e - Orb of Destruction             Conjuration                  7
   f - Spellforged Servitor           Conjuration/Summoning        7
Comestibles
 f - 19 bread rations
 j - 21 royal jellies
 k - 10 meat rations
 l - 41 fruits


   Skills:
 * Level 14.5 Fighting
 * Level 15.1 Maces & Flails
 * Level 15.3 Armour
 - Level 2.5 Dodging
 - Level 0.2 Stealth
 * Level 15.9 Shields
 + Level 7.2 Evocations


You had 15 spell levels left.
You didn't know any spells.

Dungeon Overview and Level Annotations

Branches:
Dungeon (15/15)            Temple (1/1) D:5            Lair (6/6) D:9
  Swamp (4/4) Lair:4       Spider (0/4) Lair:4        Slime (0/5) Lair:5
    Orc (2/2) D:10            Elf (0/3) Orc:2        Vaults (0/5) D:13
 Depths (0/5) D:15

Altars:
Ashenzari
Cheibriados
Dithmenos
Okawaru
Qazlal
Ru
Trog
Vehumet
Xom
Yredelemnul
Zin
Beogh

Shops:
D:6 [   D:7 (   D:13 ?(*(   Orc:2 (=%:}

Annotations:
D:9 exclusion: oklob plant
Lair:1 exclusion: 2 oklob plants


Innate Abilities, Weirdness & Mutations

You are resistant to torment.
Your stone body is resilient. (AC +11)
You are immune to poison.
Your large and strong wings let you fly indefinitely.
You resist negative energy. (rN+)
You are resistant to electric shocks. (rElec)
You can survive without breathing.
You are immune to petrification.
You are immune to rotting.
You are partially covered in slimy green scales. (AC +2)
You can translocate small distances at will.


Message History

You block the five-headed hydra's attack.
The five-headed hydra bites you.
* * * LOW HITPOINT WARNING * * *
The five-headed hydra closely misses you.
The swamp worm bites you but does no damage.
The spriggan rider hits you but does no damage.
The swamp dragon bites you but does no damage.
The swamp dragon claws you but does no damage.
You block the swamp dragon's attack.
You hit the swamp dragon.
The swamp dragon is heavily wounded.
You block the swamp worm's attack. x2; The eight-headed hydra bites you!
* * * LOW HITPOINT WARNING * * *
The eight-headed hydra bites you but does no damage.
You block the eight-headed hydra's attack. x2
The eight-headed hydra bites you but does no damage.
The eight-headed hydra bites you!
* * * LOW HITPOINT WARNING * * *
The eight-headed hydra bites you!!
You die...

♣♣♣♣ ♣.≈♣ ..≈♣ ♣♣ ♣.♣♣
♣♣♣♣♣♣♣. .≈♣ ♣♣♣♣..≈....
.≈♣♣♣♣ ♣≈..≈≈≈≈.. ....≈♣
♣≈.≈≈≈ww♣ ≈..≈.♣
♣♣.≈≈≈D@♣♣
§≈≈≈≈♣♣♣♣♣))≈≈♣wDD♣♣
≈≈≈≈...≈≈§)≈≈≈i≈≈.§♣
≈..♣...≈.♣....≈§.≈≈§≈≈≈
.≈§..♣≈≈♣≈....♣♣..≈§≈≈≈
≈..≈....♣≈≈≈≈♣♣♣♣♣...≈≈≈
≈≈♣♣..≈.♣≈≈≈♣♣ .≈≈≈≈≈
≈≈≈♣♣..♣♣♣♣♣♣ .≈≈.≈≈
≈≈...≈♣♣♣ ♣♣♣♣


You could see an eight-headed hydra, a five-headed hydra, a swamp dragon, a
spriggan rider and 3 swamp worms.

Vanquished Creatures
  Rupert (Lair:5)
  3 thorn hunters
  Roxanne (Swamp:1)
  A frost giant (IceCv)
  Azrael (D:13)
  Josephine (Swamp:1)
  A fire dragon (Lair:6)
  Fannar (Lair:3)
  8 vault guards (D:13)
  13 hydras
  A ghost crab (Swamp:1)
  Erica (D:10)
  6 two-headed ogres
  3 centaur warriors
  7 alligators
  An ogre mage (D:15)
  A death knight (D:14)
  2 death yaks (IceCv)
  2 tengu warriors (D:13)
  3 orc high priests (Orc:2)
  Urug (Lair:3)
  4 skeletal warriors (D:14)
  Nergalle (D:11)
  An unseen horror (D:11)
  4 swamp dragons
  2 spriggan druids
  A shambling mangrove (Swamp:2)
  Pikel (D:9)
  A wizard (D:15)
  A lindwurm (Lair:6)
  A necromancer (D:15)
  2 phantasmal warriors (D:14)
  A wolf spider (D:13)
  4 orc sorcerers
  A cyclops (shapeshifter) (D:15)
  6 orc knights
  The ghost of Elysium the Cudgeler, a novice DsMo of Nemelex Xobeh (D:6)
  An orb spider (Lair:4)
  2 manticores
  A deep elf mage (D:12)
  3 ugly things (D:14)
  2 cyclopes
  Maurice (Orc:1)
  A centaur zombie (D:15)
  An ice statue (IceCv)
  3 molten gargoyles
  6 black mambas
  3 naga magi (D:15)
  13 spiny frogs
  3 rime drakes
  6 centaur skeletons
  13 komodo dragons
  6 trolls
  19 polar bears
  A wolf spider simulacrum (D:15)
  6 hornets
  5 tyrant leeches
  6 bog bodies
  8 blink frogs (Lair:3)
  9 hippogriffs
  3 slime creatures (Swamp:1)
  6 dream sheep (Lair:5)
  4 spriggans
  2 shadows (Swamp:2)
  2 wyverns
  64 yaks
  4 hogs (D:9)
  3 basilisks
  A water elemental (D:12)
  4 fire elementals (D:13)
  6 wraiths
  A human (D:9)
  2 steam dragons (Lair:6)
  14 vampire mosquitoes
  7 water moccasins
  9 swamp worms
  A soldier ant (D:14)
  10 hell hounds
  2 acid dragons
  5 porcupines
  5 swamp drakes
  2 eyes of draining
  21 orc warriors
  13 ice beasts
  4 sky beasts
  3 black bears
  5 boggarts (D:14)
  2 necrophages
  11 ogres
  2 phantoms
  12 centaurs
  18 wolves
  10 crocodiles
  Blork the orc (D:5)
  4 big kobolds
  23 bullfrogs
  A gnoll sergeant (D:8)
  6 scorpions
  2 wyvern skeletons
  11 killer bees
  13 wights
  19 electric eels
  3 howler monkeys
  5 lava snakes (Lair:6)
  10 crimson imps
  3 bullfrog zombies
  6 hounds
  3 jellies
  2 bullfrog skeletons
  11 orc priests
  18 orc wizards
  Ijyb (D:3)
  Natasha (thrice) (D:2)
  Terence (D:2)
  11 worker ants
  A howler monkey skeleton (D:8)
  Robin (D:3)
  5 gnolls (D:8)
  17 adders
  4 shadow imps
  2 white imps (D:9)
  An ufetubus (D:9)
  2 oozes
  An adder zombie (D:8)
  3 adder skeletons
  2 worms
  3 dart slugs
  7 leopard geckos
  75 orcs
  A ball python (D:3)
  A giant cockroach (D:8)
  15 goblins
  4 hobgoblins
  10 jackals
  29 kobolds
  6 quokkas
  5 bats
  A frilled lizard (D:1)
  2 jackal skeletons
  A quokka zombie (D:8)
  7 rats
831 creatures vanquished.

Vanquished Creatures (others)
  A swamp dragon (Swamp:4)
  A spriggan (Swamp:4)
  A vampire mosquito (D:13)
  2 centaurs
  6 orcs
  A quokka (D:9)
  A kobold (D:8)
  2 fungi
  A plant (D:8)
16 creatures vanquished.

Grand Total: 847 creatures vanquished

Notes
Turn   | Place    | Note
-------+----------+-------------------------------------------
     0 | D:1      | JeffiDaFish the Gargoyle Fighter began the quest for the Orb.
     0 | D:1      | Reached XP level 1. HP: 14/14 MP: 1/1
     5 | D:1      | Gained mutation: You are partially covered in slimy green scales. (AC +2) [potion of mutation]
     5 | D:1      | Gained mutation: You can translocate small distances at will. [potion of mutation]
   139 | D:1      | Reached XP level 2. HP: 19/19 MP: 2/2
   353 | D:1      | Reached XP level 3. HP: 24/24 MP: 3/3
   506 | D:2      | Found a snail-covered altar of Cheibriados.
   675 | D:2      | Reached skill level 1 in Dodging
   820 | D:2      | Noticed Natasha
   821 | D:2      | Noticed Terence
   834 | D:2      | Killed Terence
   834 | D:2      | Reached XP level 4. HP: 17/29 MP: 4/4
   848 | D:2      | HP: 1/29 [Natasha/magic dart (4)]
   850 | D:2      | Killed Natasha
  1455 | D:2      | Noticed Natasha
  1464 | D:2      | Killed Natasha
  1464 | D:2      | Reached XP level 5. HP: 22/33 MP: 5/5
  1755 | D:2      | Noticed Natasha
  1762 | D:2      | Killed Natasha
  1950 | D:3      | Noticed Robin
  2020 | D:3      | Killed Robin
  2156 | D:3      | Found a bloodstained altar of Trog.
  2378 | D:3      | Reached XP level 6. HP: 38/38 MP: 6/6
  2533 | D:3      | Noticed Ijyb
  2549 | D:3      | Killed Ijyb
  3093 | D:4      | Noticed a phantom
  3146 | D:4      | Killed a phantom
  3146 | D:4      | Reached skill level 5 in Armour
  3146 | D:4      | Reached skill level 5 in Shields
  3146 | D:4      | Reached XP level 7. HP: 20/44 MP: 7/7
  3852 | D:5      | Entered Level 5 of the Dungeon
  3956 | D:5      | Reached skill level 5 in Maces & Flails
  3995 | D:5      | Reached XP level 8. HP: 48/48 MP: 8/8
  4097 | D:5      | Found a staircase to the Ecumenical Temple.
  4113 | Temple   | Entered the Ecumenical Temple
  4121 | Temple   | Became a worshipper of Warmaster Okawaru
  4160 | D:5      | Noticed Blork the orc
  4168 | D:5      | Killed Blork the orc
  4518 | D:6      | Found Viysaf's Armour Emporium.
  4777 | D:6      | Reached skill level 5 in Fighting
  4849 | D:6      | Noticed Elysium's ghost (novice DsMo)
  4898 | D:6      | Killed Elysium's ghost
  4898 | D:6      | Reached XP level 9. HP: 51/54 MP: 9/9
  4921 | D:6      | Reached * piety under Okawaru
  5382 | D:6      | Bought a +1 pair of gloves of strength for 247 gold pieces
  5914 | D:7      | Found Mobelof's Antique Weapon Shop.
  6080 | D:7      | Reached ** piety under Okawaru
  6296 | D:7      | Found a sacrificial altar of Ru.
  6633 | D:8      | Reached XP level 10. HP: 60/60 MP: 10/10
  6693 | D:8      | Found a radiant altar of Vehumet.
  6879 | D:8      | Noticed a two-headed ogre
  6903 | D:8      | Killed a two-headed ogre
  6903 | D:8      | Reached *** piety under Okawaru
  7124 | D:8      | Found a stormy altar of Qazlal.
  7574 | D:9      | Found a glowing silver altar of Zin.
  7574 | D:9      | Noticed an oklob plant
  7596 | D:9      | Found a staircase to the Lair.
  7710 | D:9      | Reached **** piety under Okawaru
  7937 | D:9      | Reached skill level 10 in Maces & Flails
  8237 | D:9      | Noticed Pikel
  8254 | D:9      | Killed Pikel
  8254 | D:9      | Reached XP level 11. HP: 62/67 MP: 11/11
  8378 | D:9      | Reached skill level 10 in Shields
  8400 | D:9      | Reached ***** piety under Okawaru
  8664 | D:9      | Noticed a two-headed ogre
  8673 | D:9      | Killed a two-headed ogre
  8802 | Lair:1   | Entered Level 1 of the Lair of Beasts
  8823 | Lair:1   | Received a gift from Okawaru
  8875 | Lair:1   | Noticed an oklob plant
  9061 | Lair:1   | Reached skill level 1 in Evocations
  9140 | Lair:1   | Noticed an oklob plant
  9775 | Lair:2   | Found a shadowy altar of Dithmenos.
 10109 | Lair:2   | Reached XP level 12. HP: 70/75 MP: 13/13
 10305 | Lair:3   | Reached skill level 10 in Armour
 10550 | Lair:3   | Noticed Urug
 10572 | Lair:3   | Killed Urug
 10572 | Lair:3   | Received a gift from Okawaru
 10575 | Lair:3   | Got a transparent eveningstar {god gift}
 10576 | Lair:3   | Identified the +0 eveningstar of Triumph {pain, rF+ Str+2} (Okawaru gifted it to you on level 3 of the Lair of Beasts)
 10693 | Lair:3   | Noticed Fannar
 10723 | Lair:3   | Killed Fannar
 11430 | Lair:4   | Found a staircase to the Swamp.
 11548 | Lair:4   | Received a gift from Okawaru
 11649 | Lair:4   | Found a hole to the Spider Nest.
 12411 | Lair:5   | Noticed a six-headed hydra
 12423 | Lair:5   | Killed a six-headed hydra
 12423 | Lair:5   | Reached XP level 13. HP: 75/82 MP: 15/15
 12485 | Lair:5   | Found a staircase to the Slime Pits.
 12557 | Lair:5   | Reached skill level 10 in Fighting
 12593 | Lair:5   | Noticed Rupert
 12650 | Lair:5   | Killed Rupert
 12650 | Lair:5   | Reached ****** piety under Okawaru
 12650 | Lair:5   | Received a gift from Okawaru
 12664 | Lair:5   | Identified a +1 pair of boots of running (Okawaru gifted it to you on level 5 of the Lair of Beasts)
 12961 | Lair:6   | Entered Level 6 of the Lair of Beasts
 13245 | Lair:6   | Got a bloodstained whip
 13246 | Lair:6   | Identified the +4 whip "Fiuhonno" {freeze, +Rage} (You found it on level 6 of the Lair of Beasts)
 13901 | Lair:6   | Found a large runed door.
 14006 | Lair:6   | Noticed a fire dragon
 14156 | Lair:6   | Found a large runed door.
 14206 | Lair:6   | Killed a fire dragon
 14539 | D:10     | Entered Level 10 of the Dungeon
 14691 | D:10     | Noticed Erica
 14704 | D:10     | Killed Erica
 14704 | D:10     | Received a gift from Okawaru
 14709 | D:10     | Identified the +7 double sword "Kiruddakh" {freeze, rPois Int+4 Dex+2} (Okawaru gifted it to you on level 10 of the Dungeon)
 14806 | D:10     | Found a staircase to the Orcish Mines.
 15154 | D:11     | Gained mutation: Your large and strong wings let you fly indefinitely. [Gargoyle growth]
 15154 | D:11     | Reached XP level 14. HP: 90/90 MP: 17/17
 15330 | D:11     | Noticed Nergalle
 15348 | D:11     | Killed Nergalle
 15572 | D:6      | Bought the +5 large shield of Divine Intervention {rN+ Str+2 Int-2 SInv} for 673 gold pieces
 16017 | D:11     | Reached skill level 5 in Evocations
 16086 | D:12     | Received a gift from Okawaru
 16089 | D:12     | Got a jewelled hat {god gift}
 16100 | D:12     | Identified the +2 hat of Ygiakor {Stlth+} (Okawaru gifted it to you on level 12 of the Dungeon)
 16340 | D:12     | Identified a scroll of acquirement
 16763 | D:13     | Found Ajevubbu's Antique Weapon Shoppe.
 16763 | D:13     | Found Opuapan's Assorted Antiques.
 16792 | D:13     | Bought a scroll of enchant weapon for 195 gold pieces
 16940 | D:13     | Found a frozen archway.
 17014 | IceCv    | Entered an ice cave
 17626 | IceCv    | Noticed a frost giant
 17642 | IceCv    | Killed a frost giant
 17705 | IceCv    | Got a scorched platinum ring
 17707 | IceCv    | Identified the ring of the Unstoppable Realms {*Drain rElec MR++ AC+5 Dex+10} (You found it in an ice cave)
 17716 | IceCv    | Got a shimmering silver ring
 17718 | IceCv    | Identified the ring of Xannemnarph {rPois Dex+3} (You found it in an ice cave)
 18058 | D:13     | Reached XP level 15. HP: 97/97 MP: 19/19
 18106 | D:13     | Found a gate to the Vaults.
 18171 | D:13     | Found Qerudd's Magic Scroll Shoppe.
 18174 | D:13     | Bought a scroll of enchant weapon for 82 gold pieces
 18316 | D:13     | Found Dabotooz's Weapon Emporium.
 18359 | D:13     | Received a gift from Okawaru
 18604 | D:13     | Noticed Azrael
 18621 | D:13     | Killed Azrael
 19285 | D:14     | Found a shimmering altar of Xom.
 19540 | D:14     | Got a brightly glowing flail
 19541 | D:14     | Identified the +10 flail of the Pillar {freeze, *Rage rPois Int+7} (You acquired it on level 14 of the Dungeon)
 19675 | D:14     | Found a flickering gateway to a bazaar.
 19680 | Bazaar   | Entered a bazaar
 19680 | Bazaar   | Found Kaan's Antique Weapon Boutique.
 19680 | Bazaar   | Found Puimaten's Assorted Antiques.
 19680 | Bazaar   | Found Hyeczalim's Book Boutique.
 19680 | Bazaar   | Found Lana's Assorted Antiques.
 19680 | Bazaar   | Found Bota's Gadget Boutique.
 19718 | D:15     | Entered Level 15 of the Dungeon
 20613 | D:15     | Received a gift from Okawaru
 20633 | D:15     | Found a staircase to the Depths.
 20833 | Orc:1    | Entered Level 1 of the Orcish Mines
 20840 | Orc:1    | Noticed Maurice
 20855 | Orc:1    | Killed Maurice
 21230 | Orc:2    | Entered Level 2 of the Orcish Mines
 21230 | Orc:2    | Found a staircase to the Elven Halls.
 21352 | Orc:2    | Found Foacepeo's Antique Weapon Shoppe.
 21476 | Orc:2    | Found a roughly hewn altar of Beogh.
 21952 | Orc:2    | Reached XP level 16. HP: 86/104 MP: 20/20
 22035 | Orc:2    | Reached skill level 15 in Shields
 22325 | Orc:2    | Found Paguceusai's Jewellery Boutique.
 22325 | Orc:2    | Found Luinu's Food Emporium.
 22327 | Orc:2    | Found Bekuac's Book Boutique.
 22327 | Orc:2    | Found Kotogem's Gadget Emporium.
 22716 | Swamp:1  | Entered Level 1 of the Swamp
 22837 | Swamp:1  | Noticed Josephine
 22845 | Swamp:1  | Killed Josephine
 23176 | Swamp:1  | Noticed Roxanne
 23209 | Swamp:1  | Killed Roxanne
 23210 | Swamp:1  | Identified Roxanne's Reference Book on Changing (You took it off Roxanne on level 1 of the Swamp)
 23581 | Swamp:2  | Noticed a thorn hunter
 23592 | Swamp:2  | Killed a thorn hunter
 23780 | Swamp:2  | Reached skill level 15 in Armour
 23918 | Swamp:2  | Noticed a thorn hunter
 23940 | Swamp:2  | Killed a thorn hunter
 24426 | Swamp:3  | Reached skill level 15 in Maces & Flails
 24592 | Swamp:3  | Noticed a thorn hunter
 24609 | Swamp:3  | Killed a thorn hunter
 24814 | Swamp:4  | Entered Level 4 of the Swamp
 24890 | Swamp:4  | Received a gift from Okawaru
 24927 | Swamp:4  | HP: 3/107 [eight-headed hydra[a spriggan druid] (16)]
 24927 | Swamp:4  | Demolished by an eight-headed hydra

Vault maps used:
D:1:      dpeg_arrival_lava_temple_mockup, minmay_misc_feat_more_columns
D:2:      kennysheep_slug_shrine, kennysheep_generic_room_10, uniq_natasha,
          uniq_terence
D:3:      bloody_trog, uniq_robin, uniq_iyjb
D:4:      first_bread
D:5:      minmay_temple_entry_statues_pillars, uniq_blork_the_orc
D:6:      black_bear_nest_1, serial_shops, shop_statue, kennysheep_boxes
D:7:      nicolae_ru_path_of_blood, serial_shops, shop
D:8:      vehumet_altar_wand_db, lemuel_crystal_altar, serial_bayou,
          serial_bayou_ford_a, serial_bayou_pond_c, serial_bayou_pond_c,
          serial_bayou_pond_b, serial_bayou_pond_c
D:9:      minmay_lair_entry_lava, serial_ice, serial_ice_g, serial_ice_d,
          serial_ice_m, serial_ice_f, hangedman_abyss_or_decor_stagger,
          grunt_livestock, hangedman_decor_slide_cut, minmay_misc_feat_alley,
          lemuel_oklob_altar, uniq_pikel
D:10:     david_orc_2, roderic_hopi_sauvastika, uniq_erica
D:11:     uniq_nergalle
D:12:     kennysheep_pointless_box
D:13:     erik_vaults_2, portal_ice_cave_entry_ice_beasts, serial_shops,
          nicolae_shop_waterfront, nicolae_shop_behind_doors, shop_fountains,
          nicolae_shop_overgrown_old_shop, st_stairs_13, uniq_azrael
D:14:     basic_altar, minmay_misc_feat_four_crosses, serial_shops,
          bzr_entry_road
D:15:     grunt_enter_depths_magical_seal
Temple:   regret_index_temple_mists
Lair:1:   minivault_25, disabler_island, serial_bayou_shore_a,
          lemuel_fruit_fields
Lair:2:   basic_altar
Lair:3:   infiniplex_staircase_pool_2, lemuel_fruit_tree, uniq_urug, uniq_fannar
Lair:4:   minmay_swamp_entry_swarm, nicolae_spider_entry_orb_guardian,
          guppyfry_lair_drakes
Lair:5:   dpeg_slime_entry_corner, lemuel_fruit_fields, grunt_megastairs_3,
          uniq_rupert
Lair:6:   cheibrodos_lair_end_hotspot, infiniplex_staircase_pool
Swamp:1:  wheals_swamp_sinkhole, uniq_roxanne, uniq_josephine
Swamp:2:  evilmike_swamp_ruin_house_1
Swamp:3:  hangedman_swamp_lotus
Swamp:4:  swamp_vile, swamp_pool1, uniq_bai_suzhen
Orc:1:    nicolae_orc_accident_1, uniq_maurice
Orc:2:    grunt_orc_tribal_feast, serial_shops, shop, mines1_david
Bazaar:   bazaar_minmay_trees
IceCv:    ice_cave_caverns_01

Skill      XL: |  1  2  3  4  5  6  7  8  9 10 11 12 13 14 15 16 |
---------------+-------------------------------------------------+-----
Dodging        | 1 2 |  2.5
Armour         | 4 5 6 7 8 9 11 12 13 14 15 | 15.3
Maces & Flails | 3 4 5 7 8 10 11 12 13 14 15 | 15.1
Shields        | 4 5 7 8 9 11 12 13 14 15 | 15.9
Fighting       | 4 5 7 8 9 11 12 13 14 | 14.5
Evocations     | 1 3 4 5 6 7 |  7.2
Stealth        | |  0.2

Action                   |  1- 3 |  4- 6 |  7- 9 | 10-12 | 13-15 | 16-18 || total
-------------------------+-------+-------+-------+-------+-------+-------++-------
Melee: Flail             |   145 |   278 |    65 |       |       |       ||   488
       Whip              |       |       |   390 |   874 |       |       ||  1264
       Morningstar       |       |       |       |    63 |  1988 |   583 ||  2634
 Abil: Fly               |       |       |       |       |     1 |       ||     1
  Use: Scroll            |     6 |     3 |     5 |    10 |    21 |     5 ||    50
       Potion            |     3 |     5 |     1 |     5 |     7 |     1 ||    22
 Stab: Confused          |       |       |       |       |       |     1 ||     1
  Eat: Chunk             |       |     8 |    11 |    17 |    31 |    10 ||    77
       Fruit             |       |       |       |     4 |       |       ||     4
       Meat ration       |       |       |       |     1 |       |       ||     1
Armor: Scale mail        |   105 |   197 |    14 |       |       |       ||   316
       Plate armour      |       |       |   198 |   387 |   795 |   312 ||  1692
Dodge: Dodged            |    62 |   112 |    69 |   147 |   307 |   108 ||   805
Block: Shield            |    92 |   200 |   193 |   422 |   469 |       ||  1376
       Reflection        |       |       |       |     2 |    56 |    12 ||    70
       Large shield      |       |       |       |       |  1780 |   784 ||  2564
